 Dungeon Crawl Stone Soup version 0.25.0-37-gb73750e0fb (webtiles) character file.

Game seed: 17892662698426170681

275 Ethylacetat the Poker (level 6, -8/48 HPs)
             Began as a Demonspawn Gladiator on July 8, 2020.
             Killed by divine providence
             ... invoked by an orc priest
              (12 damage)
             ... on level 4 of the Dungeon.
             The game lasted 00:04:11 (3634 turns).

Ethylacetat the Poker (Demonspawn Gladiator)        Turns: 3634, Time: 00:04:12

Health: -8/48      AC:  4    Str: 16    XL:     6   Next: 3%
Magic:  6/6        EV: 13    Int: 15    God:
Gold:   216        SH:  0    Dex: 15    Spells: 5/5 levels left

rFire    . . .     SeeInvis .   a - +0 trident
rCold    . . .     Gourm    .   (no shield)
rNeg     . . .     Faith    .   b - +0 leather armour
rPois    .         Spirit   .   (helmet restricted)
rElec    .         Reflect  .   (no cloak)
rCorr    .         Harm     .   (no gloves)
MR       .....                  (no boots)
Stlth    ++........             (no amulet)
HPRegen  0.16/turn              p - +6 ring of intelligence
MPRegen  0.10/turn              (no ring)

@: no status effects
A: antennae 1, rugged brown scales 1, spiny 1
a: no special abilities


You were on level 4 of the Dungeon.
You were hungry.

You visited 1 branch of the dungeon, and saw 4 of its levels.

You collected 216 gold pieces.

Inventory:

Hand Weapons
 a - a +0 trident (weapon)
Missiles
 d - 3 throwing nets (quivered)
Armour
 b - a +0 leather armour (worn)
Jewellery
 p - a +6 ring of intelligence (left hand)
 r - an uncursed ring of fire {unknown}
Wands
 t - a wand of random effects (17)
Scrolls
 c - 3 scrolls of enchant armour {unknown}
 e - 6 scrolls of identify {unknown}
 n - 3 scrolls of remove curse {unknown}
 o - 2 scrolls of teleportation {unknown}
 q - a scroll of blinking {unknown}
 u - a scroll of magic mapping {unknown}
 v - a scroll of enchant weapon {unknown}
Potions
 g - a potion of brilliance {unknown}
 h - 2 potions of cancellation {unknown}
 i - a potion of degeneration {unknown}
 j - 2 potions of flight {unknown}
 k - 2 potions of curing {unknown}
 l - a potion of stabbing {unknown}
 m - 2 potions of heal wounds {unknown}
 s - a potion of berserk rage {unknown}
Comestibles
 f - 6 rations


   Skills:
 + Level 3.0 Fighting
 + Level 4.7 Polearms
 + Level 1.8 Throwing
 + Level 1.7 Armour
 + Level 3.3 Dodging
 + Level 1.1 Stealth


You had 5 spell levels left.
You didn't know any spells.
Your spell library was empty.

Dungeon Overview and Level Annotations

Branches:
Dungeon (4/15)
 Temple: D:4-7

Altars:
Fedhas
Trog

Annotations:
D:4 2 transporters, spacerossing's ghost, novice GnGl


Innate Abilities, Weirdness & Mutations

You have a pair of small antennae on your head.
You are partially covered in rugged brown scales. (AC +1, +3% HP)
You are partially covered in sharp spines.


Message History

The orc priest completely misses you.
You barely miss the orc priest.
The orc priest is severely wounded.
The orc priest invokes the aid of Beogh against you.
Pain shoots through your body!
* * * LOW HITPOINT WARNING * * *
You barely miss the orc priest.
The orc priest is severely wounded.
The orc priest misses you.
You barely miss the orc priest.
The orc priest is severely wounded.
The orc priest barely misses you.
You hit the orc priest but do no damage.
The orc priest is severely wounded.
The orc priest closely misses you.
You hit the orc priest.
The orc priest is severely wounded.
The orc priest calls down the wrath of Beogh upon you.
Beogh smites you!
You die...

##### ## ###### #.... (
..... #(.. .#### #... #.)#
..... #... #######..#
........#...###
.........##...............
.........#.............<..
#####...@o...............
##..###©####........##.
#..##5### #####....###
#.##.W... ..%.#....###
#.#....#. #...##......
##.#..##..#......#.#.###
#..#©..#..©..##..#...>..
#.##.#5...?#.....#...##.
##.#####.#
...###=..##{##...##.


You could see an orc priest, a quasit and spacerossing's ghost.

Vanquished Creatures
  An ogre (D:4)
  2 orc priests (D:4)
  5 adders
  3 gnolls (D:3)
  3 worms
  5 dart slugs
  2 giant cockroaches (D:2)
  3 goblins (D:1)
  6 hobgoblins
  3 jackals (D:1)
  2 kobolds
  5 bats
  6 frilled lizards
  3 rats
49 creatures vanquished.

Notes
Turn   | Place    | Note
-------+----------+-------------------------------------------
     0 | D:1      | Ethylacetat the Demonspawn Gladiator began the quest for
                  | the Orb.
     0 | D:1      | Reached XP level 1. HP: 16/16 MP: 1/1
   167 | D:1      | Gained mutation: You are partially covered in rugged brown
                  | scales. (AC +1, +3% HP) [demonic ancestry]
   167 | D:1      | Reached XP level 2. HP: 14/22 MP: 2/2
   379 | D:1      | Reached skill level 3 in Polearms
  1187 | D:2      | Gained mutation: You have a pair of small antennae on your
                  | head. [demonic ancestry]
  1187 | D:2      | Reached XP level 3. HP: 24/28 MP: 3/3
  1231 | D:2      | Found a bloodstained altar of Trog.
  2161 | D:3      | Gained mutation: You are partially covered in sharp spines.
                  | [demonic ancestry]
  2161 | D:3      | Reached XP level 4. HP: 19/35 MP: 4/4
  2556 | D:3      | Reached skill level 4 in Polearms
  2777 | D:3      | Reached skill level 1 in Armour
  3189 | D:3      | Found a blossoming altar of Fedhas.
  3327 | D:4      | Noticed an ogre
  3337 | D:4      | Killed an ogre
  3337 | D:4      | Reached skill level 1 in Stealth
  3337 | D:4      | Reached XP level 5. HP: 12/41 MP: 5/5
  3577 | D:4      | Found a transporter.
  3580 | D:4      | Noticed spacerossing's ghost (novice GnGl)
  3600 | D:4      | Found a transporter.
  3619 | D:4      | Reached XP level 6. HP: 32/48 MP: 6/6
  3634 | D:4      | Killed from afar by an orc priest

Illustrated notes

Levels and vault maps discovered:
D:1:      matt_arrival_refuge, layout_basic
D:2:      layout_basic, bloody_trog, first_ration
D:3:      layout_loops_ring, fedhas_altar_3
D:4:      layout_loops_ring, lemuel_doored_altar, gammafunk_ghost_stat_death,
          minmay_crystal_water, uniq_robin

Skill      XL: |  1  2  3  4  5 |
---------------+----------------+-----
Dodging        | 3 |  3.3
Polearms       | 3 4 |  4.7
Armour         | 1 |  1.7
Stealth        | 1 |  1.1
Fighting       | 3 |  3.0
Throwing       | |  1.8

Action                   |  1- 3 |  4- 6 || total
-------------------------+-------+-------++-------
Melee: Trident           |   145 |    71 ||   216
 Stab: Sleeping          |     3 |       ||     3
  Eat: Chunk             |     4 |     4 ||     8
Armor: Leather armour    |    40 |     2 ||    42
Dodge: Dodged            |    81 |    35 ||   116
